 Dungeon Crawl Stone Soup version 0.20.1-1-g8b1a95d (webtiles) character file.

315 polve the Insei (level 6, -3/44 HPs)
             Began as a Demonspawn Gladiator on July 8, 2017.
             Slain by a goblin
             ... wielding a +0 club
             ... led by Robin
              (4 damage)
             ... on level 4 of the Dungeon.
             The game lasted 00:05:12 (3931 turns).

polve the Insei (Demonspawn Gladiator)              Turns: 3931, Time: 00:05:13

Health: -3/44      AC:  4    Str: 15    XL:     6   Next: 19%
Magic:  0/6        EV: 13    Int:  9    God:
Gold:   127        SH:  0    Dex: 16    Spells: 5/5 levels left

rFire    . . .     SeeInvis .     - Unarmed
rCold    . . .     Gourm    .   (no shield)
rNeg     . . .     Faith    .   g - +0 leather armour (curse)
rPois    .         Spirit   +   r - +1 hat
rElec    .         Reflect  .   b - scarf {Spirit}
rCorr    .         Harm     .   (no gloves)
MR       .....                  (no boots)
Stlth    +.........             e - amulet of magic regeneration
Regen    0.2/turn               (no ring)
MPRegen  0.2/turn               (no ring)

@: no status effects
A: claws 1, talons 1, rot immunity
a: no special abilities


You were on level 4 of the Dungeon.
You were not hungry.

You visited 1 branch of the dungeon, and saw 4 of its levels.

You collected 127 gold pieces.

Inventory:

Missiles
 d - 4 throwing nets (quivered)
Armour
 b - a scarf of spirit shield (worn)
 c - a +0 helmet
 g - a cursed +0 leather armour (worn)
 l - the +4 ring mail of Responsibility {rCorr, unknown}
   (You found it on level 4 of the Dungeon)

   It protects you from acid and corrosion.
 r - a +1 hat (worn)
Jewellery
 e - an amulet of magic regeneration (around neck)
 s - a cursed ring of loudness {unknown}
Wands
 y - a wand of disintegration (8/24)
Scrolls
 a - 6 scrolls of identify {unknown}
 h - 3 scrolls of magic mapping {unknown}
 j - 3 scrolls of teleportation {unknown}
 k - 2 scrolls of random uselessness {unknown}
 n - a scroll of fear {unknown}
 o - a scroll of enchant armour {unknown}
 q - 2 scrolls of enchant weapon {unknown}
 t - a scroll of noise {unknown}
 v - a scroll of amnesia {unknown}
 w - a scroll of remove curse {unknown}
 x - 2 scrolls of immolation {unknown}
Potions
 i - 3 potions of lignification {unknown}
 m - a potion of might {unknown}
Comestibles
 f - 3 bread rations
 p - a royal jelly
 u - a fruit


   Skills:
 - Level 2.0 Fighting
   Level 3.2 Long Blades
 - Level 1.7 Throwing
 - Level 2.6 Dodging
 + Level 5.3 Unarmed Combat


You had 5 spell levels left.
You didn't know any spells.

Dungeon Overview and Level Annotations

Branches:
Dungeon (4/15)
 Temple: D:4-7

Altars:
Vehumet

Annotations:
D:4 Pikel, Robin


Innate Abilities, Weirdness & Mutations

You have sharp fingernails.
You have sharp toenails.
You are immune to rotting.


Message History

The goblin misses you. The goblin hits you with a club.
* * * LOW HITPOINT WARNING * * *
The hobgoblin closely misses you.
A goblin, an orc and an orc wizard come into view.
The orc is wielding a mace of protection.
You scratch the slave.
The slave is moderately wounded.
The slave closely misses you. The goblin hits you with a dagger.
* * * LOW HITPOINT WARNING * * *
The goblin hits you.
* * * LOW HITPOINT WARNING * * *
The hobgoblin hits you with a club.
* * * LOW HITPOINT WARNING * * *
The goblin closely misses you.
You closely miss the slave.
The slave is moderately wounded.
The slave hits you!
* * * LOW HITPOINT WARNING * * *
The goblin barely misses you. x2; The goblin hits you with a club.
You die... #...g....... #.....w.... ...o....#.#.## p..poo.gg.

.. .........#
.#
.....K.g.##.#
###..gog.g..###
.....p#g#g....#
#...ap@gg.#
###.###g..# ...
##### #.. #..
#. ##


You could see Pikel, 3 slaves, a worker ant, Robin, 2 orc priests, an orc
wizard, a dart slug, an orc, 5 hobgoblins and 4 goblins.

Vanquished Creatures
  The ghost of YrmMerkstave the Bolt Thrower, an amateur KoHu (D:3)
  An orc priest (D:3)
  An orc wizard (D:3)
  8 adders
  A shadow imp (D:2)
  6 worms
  2 dart slugs
  A leopard gecko (D:2)
  6 orcs
  8 bats
  8 giant cockroaches
  7 goblins
  8 hobgoblins
  3 jackals (D:2)
  9 kobolds
  A quokka (D:3)
  6 frilled lizards
  8 rats
85 creatures vanquished.

Notes
Turn   | Place    | Note
-------+----------+-------------------------------------------
     0 | D:1      | polve the Demonspawn Gladiator began the quest for the Orb.
     0 | D:1      | Reached XP level 1. HP: 16/16 MP: 1/1
   421 | D:1      | Gained mutation: You have sharp fingernails. [demonic ancestry]
   421 | D:1      | Reached XP level 2. HP: 22/22 MP: 2/2
   606 | D:1      | Reached skill level 1 in Unarmed Combat
   826 | D:2      | Gained mutation: You have sharp toenails. [demonic ancestry]
   826 | D:2      | Reached XP level 3. HP: 27/27 MP: 3/3
   937 | D:2      | Reached skill level 2 in Unarmed Combat
  1323 | D:2      | Reached XP level 4. HP: 31/33 MP: 4/4
  1510 | D:2      | Reached skill level 3 in Unarmed Combat
  2322 | D:3      | Gained mutation: You are immune to rotting. [demonic ancestry]
  2322 | D:3      | Reached XP level 5. HP: 16/38 MP: 3/5
  2525 | D:3      | Reached skill level 4 in Unarmed Combat
  2535 | D:3      | Found a faded altar of an unknown god.
  2738 | D:3      | Found a radiant altar of Vehumet.
  2832 | D:3      | Noticed YrmMerkstave's ghost (amateur KoHu)
  3565 | D:3      | Killed YrmMerkstave's ghost
  3565 | D:3      | Reached skill level 5 in Unarmed Combat
  3565 | D:3      | Reached XP level 6. HP: 21/44 MP: 4/6
  3920 | D:4      | Noticed Robin
  3920 | D:4      | Noticed a slave
  3920 | D:4      | Noticed a slave
  3920 | D:4      | Noticed a slave
  3925 | D:4      | Got a crude ring mail
  3927 | D:4      | Noticed Pikel
  3928 | D:4      | Noticed a slave
  3931 | D:4      | HP: 1/44 [slave[Pikel] (8)]
  3931 | D:4      | Slain by a goblin

Skill      XL: |  1  2  3  4  5 |
---------------+----------------+-----
Long Blades    | 3 |  3.2
Unarmed Combat | 1 2 3 5 |  5.3
Fighting       | |  2.0
Throwing       | |  1.7
Dodging        | |  2.6

Action                   |  1- 3 |  4- 6 || total
-------------------------+-------+-------++-------
Melee: Long sword        |    23 |       ||    23
       Unarmed           |   108 |   185 ||   293
       Kick              |    10 |    49 ||    59
       Punch             |       |     2 ||     2
 Stab: Sleeping          |       |     1 ||     1
  Eat: Chunk             |     1 |     8 ||     9
       Fruit             |       |     1 ||     1
Armor: Leather armour    |    41 |    44 ||    85
Dodge: Dodged            |    96 |   137 ||   233
       Rpst.: Long sword |    11 |       ||    11
